 Dungeon Crawl Stone Soup version 0.30-a0-1160-g6e42c06 (webtiles) character file.

Game seed: 9362053826748034089

125830 Think the Warrior (level 16, -9/192 HPs)
             Began as an Octopode Conjurer on Apr 9, 2023.
             Was a High Priest of Vehumet.
             Mangled by an earth elemental (19 damage)
             ... summoned by a deep elf elementalist
             ... on level 1 of the Elven Halls on Apr 25, 2023.
             The game lasted 04:06:03 (49934 turns).

Think the Warrior (Octopode Conjurer)              Turns: 49934, Time: 04:06:04

Health: -9/192     AC: 28    Str: 14    XL:     16   Next: 97%
Magic:  7/28       EV:  2    Int: 27    God:    Vehumet [*****.]
Gold:   3394       SH:  0    Dex: 16    Spells: 2/31 levels left

rFire   + . .        (no weapon)
rCold   . . .        b - +0 buckler
rNeg    . . .        (helmet currently unavailable)
rPois   +            k - amulet of regeneration
rElec   .            j - ring of resist corrosion
rCorr   +            p - +4 ring of slaying
SInv    .            G - ring of willpower
Will    ++...        l - +6 ring of strength
Stlth   +            z - ring of protection from fire
HPRegen 1.32/turn    V - +6 ring of dexterity
MPRegen 0.21/turn    W - +5 ring of evasion
                     (no ring)

%: no passive effects
@: confused, tree-form, ambrosia-drunk
A: stationary, stasis, torment immunity, boosted hp, almost no armour,
(amphibious), 8 rings, (camouflage 1), (gelatinous body 1), (nimble swimmer 1),
(tentacles)
a: Renounce Religion


You were on level 1 of the Elven Halls.
You worshipped Vehumet.
Vehumet was extremely pleased with you.
You were a tree.
You visited 7 branches of the dungeon, and saw 26 of its levels.
You also visited: Bailey.

You collected 3578 gold pieces.
You spent 184 gold pieces at shops.

Inventory:

Hand Weapons
 N - a +2 dagger of venom
 X - a +5 quick blade of freezing
Armour
 b - a +0 buckler (worn)
Magical Staves
 U - a staff of air
Jewellery
 c - an amulet of the acrobat
 j - a ring of resist corrosion (left branch)
 k - an amulet of regeneration (around neck)
 l - a +6 ring of strength (on tentacle)
 o - a ring of see invisible
 p - a +4 ring of slaying (right branch)
 z - a ring of protection from fire (on tentacle)
 G - a ring of willpower (on tentacle)
 L - an amulet of guardian spirit
 M - an amulet of faith
 T - the amulet of Onamanif {Spirit rPois Int+3}
   (You found it on level 4 of the Lair of Beasts)

   [amulet of guardian spirit]

   It causes incoming damage to be divided between your reserves of health and
   magic.
   Int:       It affects your intelligence (+3).
   rPois:     It protects you from poison.
 V - a +6 ring of dexterity (on tentacle)
 W - a +5 ring of evasion (on tentacle)
 Z - the amulet of Okawaru's Fury {Harm rN+ Regen+}
   (You found it on level 14 of the Dungeon)

   [amulet of regeneration]

   rN:        It protects you from negative energy.
   Regen:     It increases your rate of health regeneration.
   Harm:      It increases damage dealt and taken.
Wands
 y - a wand of iceblast (9)
 B - a wand of polymorph (7)
 C - a wand of paralysis (16)
 E - a wand of flame (43)
 H - a wand of digging (9)
 K - a wand of light (1)
Scrolls
 d - 4 scrolls of enchant armour
 e - 4 scrolls of torment
 f - 2 scrolls of amnesia
 n - 6 scrolls of magic mapping
 t - 3 scrolls of teleportation
 u - 2 scrolls of poison
 w - 2 scrolls of brand weapon
 J - 3 scrolls of fog
 O - 2 scrolls of enchant weapon
 Q - 3 scrolls of identify
 Y - a scroll of silence
Potions
 a - 2 potions of degeneration
 h - a potion of berserk rage
 i - 5 potions of might
 m - 7 potions of attraction
 r - a potion of brilliance
 v - 6 potions of mutation
 x - 6 potions of ambrosia
 A - 3 potions of flight
 D - a potion of resistance
 F - a potion of invisibility
 I - 2 potions of cancellation
 P - a potion of haste
Miscellaneous
 R - a condenser vane (inert)


   Skills:
 + Level 17.7 Fighting
 - Level 8.0 Short Blades
 + Level 16.1 Dodging
 - Level 2.6 Stealth
 * Level 3.6 Shields
 - Level 8.0 Spellcasting
 - Level 13.0 Conjurations
 - Level 2.0 Translocations
 - Level 2.0 Transmutations
 - Level 2.0 Fire Magic
 - Level 4.0 Air Magic
 - Level 4.0 Evocations


You had 2 spell levels left.
You knew the following spells:

 Your Spells              Type           Power      Damage    Failure   Level
a - Magic Dart            Conj           100%       1d8       1%          1
b - Fireball              Conj/Fire      25%        3d11      2%          5
c - Stone Arrow           Conj/Erth      90%        3d12      1%          3
d - Irradiate             Conj/Tmut      25%        3d20      2%          5
e - Iskenderun's Mystic   Conj/Tloc      50%        2d11      1%          4
f - Conjure Ball Lightni  Conj/Air       27%        3x3d8     9%          6
g - Gell's Gravitas       Tloc           21%        N/A       9%          3
r - Blink                 Tloc           42%        N/A       4%          2

Your spell library contained the following spells:

 Spells                   Type           Power      Damage    Failure   Level
 Momentum Strike          Conj/Tloc      100%       3d10      1%          2
 Searing Ray              Conj           100%       2d8       1%          2
 Lesser Beckoning         Tloc           42%        N/A       4%          2
 Cigotuvi's Dreadful Rot  Necr/Pois/Air  34%        N/A       6%          2
 Necrotise                Necr           40%        1d6       7%          1
 Call Imp                 Summ           20%        N/A       11%         2
 Dazzling Flash           Conj/Hex       90%        N/A       1%          3
 Mephitic Cloud           Conj/Pois/Air  41%        N/A       1%          3
 Fulminant Prism          Conj/Hex       22%        3d12      1%          4
 Volatile Blastmotes      Fire/Tloc      42%        2d13      2%          3
 Ignite Poison            Fire/Tmut/Pois 17%        N/A       3%          3
 Freezing Cloud           Conj/Ice/Air   20%        6-21      5%          5
 Teleport Other           Tloc           21%        N/A       9%          3
 Portal Projectile        Hex/Tloc       32%        N/A       14%         3
 Call Canine Familiar     Summ           10%        N/A       21%         3
 Vampiric Draining        Necr           10%        2d6       21%         3
 Lee's Rapid Deconstruct  Erth           5%         3d6*      41%         5
 Leda's Liquefaction      Hex/Erth       5%         N/A       56%         4
 Summon Forest            Summ/Tloc      8%         N/A       77%         5
 Eringya's Noxious Bog    Tmut/Pois      8%         N/A       83%         6
 Agony                    Necr           10%        N/A       88%         5
 Summon Hydra             Summ           5%         N/A       100%        7


Dungeon Overview and Level Annotations

Branches:
Dungeon (15/15)            Temple (1/1) D:5            Lair (5/5) D:11
  Swamp (1/4) Lair:3       Spider (1/4) Lair:3        Slime (0/5) Lair:5
    Orc (2/2) D:12            Elf (1/3) Orc:2        Vaults (0/5) D:14
 Depths (0/4) D:15         Bailey (visited)

Altars:
Ashenzari
Cheibriados
Dithmenos
Elyvilon
Fedhas
Hepliaklqana
Kikubaaqudgha
Makhleb
Nemelex Xobeh
Okawaru
Qazlal
Ru
Sif Muna
Trog
Uskayaw
Vehumet
Wu Jian
Xom
Yredelemnul
Zin
Jiyva

Shops:
D:8 [   D:9 *   Orc:2 [*?

Annotations:
Spider:1 Mlioglotl


Innate Abilities, Weirdness & Mutations

You are a tree.
Your roots penetrate the ground, keeping you stationary.
You cannot be teleported.
You are immune to unholy pain and torment.
Your maximum health is greatly increased.
You cannot wear most types of armour.
((You are amphibious.))
You can wear up to eight rings at the same time.
((Your skin changes colour to match your surroundings (Stealth+).))
((Your rubbery body absorbs attacks. (AC +1, EV +1)))
((You are camouflaged when in or above water. (Stealth+)))
((You have tentacles for arms and can constrict up to eight enemies at once.))


Message History

The mystic blast hits the earth elemental.
The earth elemental is heavily damaged.
The earth elemental is knocked back by the mystic blast.
The earth elemental slams into the rock wall!
The earth elemental is severely damaged.
The mystic blast hits the earth elemental!
The earth elemental is moderately damaged.
The earth elemental is knocked back by the mystic blast.
The earth elemental slams into the rock wall!
The mystic blast hits the earth elemental but does no damage.
The earth elemental is moderately damaged.
The mystic blast hits the deep elf elementalist!
The deep elf elementalist is heavily wounded.
The deep elf elementalist is knocked back by the mystic blast.
The deep elf elementalist collides with the earth elemental!
The earth elemental is heavily damaged.
The deep elf elementalist is severely wounded.
The deep elf elementalist hits you with a +0 short sword!
* * * LOW HITPOINT WARNING * * *
Okay, then.
Really quaff the potion of lignification?
You turn into a tree.
Your roots penetrate the ground.
You feel strangely stable.
The deep elf elementalist hits you with a +0 short sword!
* * * LOW HITPOINT WARNING * * *
The earth elemental hits you!
* * * LOW HITPOINT WARNING * * *
The earth elemental completely misses you.
You are confused.
You feel invigorated.
The deep elf elementalist hits you but does no damage.
The earth elemental hits you.
* * * LOW HITPOINT WARNING * * *
The deep elf elementalist hits you but does no damage.
The earth elemental barely misses you.
You cannot move. (Use ctrl+direction or * direction to attack while stationary and confused.)
You are now empty-handed.
The earth elemental hits you!
* * * LOW HITPOINT WARNING * * *
The earth elemental hits you!!
You die...

........###..######## ..##'#
.^.....###...#####...#.#...#
#.....###..#.'...#.........#
###'###......#.#§#§..#.#...#
#.# #...####..§.#.....# #.#
#...#...#§.§..'...#
###'###...#.#○.E.§#§#...# #.
.....##..[#...#EeE..###'#..
.....##...###.EE♣#'###...#.#
......#...###§§EE#...#.#☼...
..⌠...####'###).(#.#.'§E.#.#
......# #.# #####°E.####...#
.....#####'####..○#○#..)#.#.#
.....'##.....##.#.°#..#.#
######'......##○○.#.#...#
#.......##'##...####
######.).........#.#.#


You could see a deep elf elementalist (fast, repels missiles) and 7 earth
elementals.

Vanquished Creatures
  Jorgrun (Swamp:1)
  Frances (D:14)
  An emperor scorpion (Lair:3)
  An orc warlord (Bailey)
  A deep elf annihilator (Elf:1)
  An ettin (Orc:2)
  An entropy weaver (Spider:1)
  4 hydras
  A peacekeeper (Elf:1)
  A ghost crab (Lair:3)
  Erolcha (D:11)
  A jorogumo (Lair:3)
  A radroach (Lair:3)
  6 two-headed ogres
  4 dancing weapons (Elf:1)
  5 boulder beetles
  3 centaur warriors
  3 death yaks (Lair:5)
  A tengu warrior (D:15)
  Urug (D:10)
  A vampire mage (Lair:3)
  3 orc high priests
  4 deep elf knights (Elf:1)
  7 skeletal warriors
  A spectral death yak (Lair:3)
  An orb spider (Spider:1)
  A goliath frog (Swamp:1)
  A lindwurm (Lair:5)
  2 deep elf archers (Elf:1)
  A wizard (D:14)
  2 necromancers
  6 deep elf pyromancers (Elf:1)
  10 deep elf zephyrmancers (Elf:1)
  10 orc knights
  21 ugly things
  7 orc sorcerers
  2 wolf spiders (Spider:1)
  8 cyclopes
  2 manticores
  Maurice (D:13)
  5 black mambas
  A naga mage (D:15)
  10 elephants
  A centaur skeleton (D:15)
  A torpor snail (Lair:3)
  3 gargoyles
  10 cane toads
  A rime drake (Lair:4)
  3 tengu conjurers
  6 komodo dragons
  7 trolls
  A queen bee (Lair:3)
  6 polar bears
  3 meliai (D:14)
  4 tarantellas
  3 hornets (Lair:5)
  10 saltlings
  A spectral dream sheep (Lair:3)
  A harpy skeleton (D:15)
  2 dream sheep (Lair:5)
  A spectral lindwurm (Lair:3)
  7 blink frogs
  Sigmund (D:4)
  11 jumping spiders
  24 slime creatures
  A water elemental (D:14)
  An air elemental (Elf:1)
  4 wraiths
  3 basilisks
  A spriggan (shapeshifter) (D:14)
  11 spriggans (Lair:5)
  3 wyverns
  21 yaks
  A redback (shapeshifter) (D:13)
  7 redbacks (Spider:1)
  3 steam dragons
  11 vampire mosquitoes
  3 wargs
  3 swamp worms
  5 acid dragons
  19 water moccasins
  A meliai simulacrum (D:15)
  A spectral blink frog (Lair:3)
  2 black bears
  33 orc warriors
  A sky beast (D:7)
  3 ice beasts
  11 ogres
  44 wolves
  3 boggarts
  5 centaurs
  14 bullfrogs
  3 kobold brigands
  A gnoll sergeant (D:11)
  An earth elemental (Orc:2)
  7 scorpions
  8 wights
  22 killer bees
  3 howler monkeys
  An electric eel (D:14)
  2 hounds
  26 orc priests
  A gnoll bouda (D:6)
  6 jellies
  2 sleepcaps
  An iguana (D:5)
  Natasha (thrice) (D:4)
  22 orc wizards
  A mummy (D:4)
  8 gnolls
  13 adders
  3 white imps
  A worm (D:3)
  6 dart slugs
  97 orcs
  4 ball pythons
  6 endoplasms
  A giant cockroach (D:4)
  16 goblins
  18 hobgoblins
  3 jackals (D:3)
  18 kobolds
  3 quokkas
  A bat (D:2)
  4 frilled lizards
  3 rats (D:1)
  2 butterflies (Lair:3)
  10 pillars of salt (Orc:2)
795 creatures vanquished.

Vanquished Creatures (collateral kills)
  12 ball lightnings
12 creatures vanquished.

Vanquished Creatures (others)
  283 ball lightnings
  35 fungi
  12 pillars of salt (Orc:2)
  38 plants
368 creatures vanquished.

Grand Total: 1175 creatures vanquished

Notes
Turn   | Place    | Note
-------+----------+-------------------------------------------
     0 | D:1      | Think the Octopode Conjurer began the quest for the Orb.
     0 | D:1      | Reached XP level 1. HP: 11/11 MP: 3/3
   174 | D:1      | Reached XP level 2. HP: 17/17 MP: 1/5
   541 | D:1      | Learned a level 2 spell: Searing Ray
   598 | D:2      | Reached XP level 3. HP: 21/21 MP: 2/6
  1345 | D:3      | Reached XP level 4. HP: 18/27 MP: 3/7
  1423 | D:3      | Found a sacrificial altar of Ru.
  1457 | D:3      | Noticed an ogre
  1463 | D:3      | Killed an ogre
  1464 | D:3      | Reached skill level 5 in Conjurations
  1464 | D:3      | Reached XP level 5. HP: 31/31 MP: 1/9
  2145 | D:4      | Noticed Sigmund
  2149 | D:5      | Entered Level 5 of the Dungeon
  2235 | D:5      | Reached XP level 6. HP: 25/36 MP: 2/10
  2313 | D:5      | Noticed an ice beast
  3162 | D:4      | Noticed Natasha
  3167 | D:4      | Killed Natasha
  3168 | D:4      | Reached XP level 7. HP: 41/41 MP: 11/11
  3179 | D:4      | Noticed Natasha
  3184 | D:4      | Killed Natasha
  3224 | D:4      | Noticed Natasha
  3229 | D:4      | Killed Natasha
  3291 | D:4      | Got Sif Muna's Tractate on Bolts and Turbulence
  3721 | D:4      | Killed Sigmund
  3815 | D:4      | Found an ornate altar of the Wu Jian Council.
  3865 | D:4      | Found a snail-covered altar of Cheibriados.
  4142 | D:5      | Found a staircase to the Ecumenical Temple.
  4151 | D:5      | Reached skill level 5 in Dodging
  4151 | D:5      | Reached XP level 8. HP: 46/46 MP: 7/12
  4226 | Temple   | Entered the Ecumenical Temple
  4271 | Temple   | Became a worshipper of Vehumet
  4333 | D:5      | Upgraded the game from 0.30-a0-916-g9813417 to
                  | 0.30-a0-1157-g2cc9ac7
  4825 | D:5      | Learned a level 4 spell: Iskenderun's Mystic Blast
  4862 | D:6      | Found a hide-covered altar of Uskayaw.
  4995 | D:6      | Reached skill level 1 in Translocations
  5472 | D:6      | Found a basalt altar of Yredelemnul.
  5494 | D:6      | Found a blossoming altar of Fedhas.
  5510 | D:6      | Reached XP level 9. HP: 51/51 MP: 7/13
  5769 | D:6      | Reached * piety under Vehumet
  5769 | D:6      | Offered knowledge of Foxfire by Vehumet.
  6032 | D:6      | Found an ancient bone altar of Kikubaaqudgha.
  6672 | D:7      | Learned a level 2 spell: Blink
  6733 | D:7      | Reached skill level 10 in Conjurations
  6944 | D:7      | Found an iron altar of Okawaru.
  7311 | D:7      | Reached ** piety under Vehumet
  7311 | D:7      | Offered knowledge of Poisonous Vapours by Vehumet.
  8449 | D:8      | Offered knowledge of Stone Arrow by Vehumet.
  8454 | D:8      | Learned a level 3 spell: Stone Arrow
  8648 | D:8      | Found a white marble altar of Elyvilon.
  8648 | D:8      | Found a viscous altar of Jiyva.
  8660 | D:8      | Reached XP level 10. HP: 56/56 MP: 6/14
  8884 | D:8      | Reached *** piety under Vehumet
  8885 | D:8      | Reached skill level 1 in Fighting
  9208 | D:8      | Found Wowirah's Armour Shop.
  9537 | D:8      | Reached skill level 2 in Fighting
  9544 | D:8      | Found a shadowy altar of Dithmenos.
  9838 | D:9      | Offered knowledge of Airstrike by Vehumet.
  9948 | D:9      | Found Sirr's General Store.
  9952 | D:9      | Bought a wand of paralysis (4) for 124 gold pieces
 10150 | D:9      | Reached skill level 3 in Fighting
 10225 | D:9      | Reached skill level 1 in Evocations
 10295 | D:9      | Found a flagged portal.
 10311 | Bailey   | Entered a bailey
 10691 | Bailey   | Reached **** piety under Vehumet
 10904 | Bailey   | Offered knowledge of Yara's Violent Unravelling by Vehumet.
 11215 | Bailey   | Reached skill level 4 in Fighting
 11253 | Bailey   | Noticed an orc knight
 11325 | Bailey   | Killed an orc knight
 11487 | Bailey   | Reached skill level 5 in Fighting
 11522 | Bailey   | Noticed an orc warlord
 11548 | Bailey   | Killed an orc warlord
 11549 | Bailey   | Reached skill level 6 in Fighting
 11549 | Bailey   | Reached XP level 11. HP: 72/72 MP: 0/17
 11706 | Bailey   | Learned a level 5 spell: Irradiate
 12187 | D:10     | Entered Level 10 of the Dungeon
 12355 | D:10     | Found a broken altar of Ashenzari.
 12369 | D:10     | Found a shimmering altar of Xom.
 12515 | D:10     | Noticed Urug
 12523 | D:10     | Killed Urug
 12708 | D:10     | Reached skill level 7 in Fighting
 12804 | D:10     | Found a shimmering blue altar of Sif Muna.
 13295 | D:11     | Found a staircase to the Lair.
 13406 | D:11     | Noticed a boulder beetle
 13420 | D:11     | Killed a boulder beetle
 13450 | D:11     | Reached skill level 10 in Fighting
 13450 | D:11     | Reached XP level 12. HP: 89/89 MP: 18/18
 13854 | D:11     | Reached skill level 11 in Fighting
 14255 | D:11     | Noticed a two-headed ogre
 14259 | D:11     | Killed a two-headed ogre
 14596 | D:11     | Noticed Erolcha
 14604 | D:11     | Killed Erolcha
 15240 | D:12     | Found a staircase to the Orcish Mines.
 15247 | D:12     | Noticed a two-headed ogre
 15251 | D:12     | Killed a two-headed ogre
 16355 | D:12     | Reached skill level 12 in Fighting
 16498 | D:12     | Reached skill level 5 in Spellcasting
 17060 | D:12     | Reached XP level 13. HP: 97/97 MP: 10/20
 17414 | D:12     | Reached ***** piety under Vehumet
 17728 | Orc:1    | Entered Level 1 of the Orcish Mines
 17908 | Orc:2    | Entered Level 2 of the Orcish Mines
 18189 | Orc:2    | Found a staircase to the Elven Halls.
 18637 | Orc:2    | Noticed an orc warlord
 19247 | Orc:1    | Offered knowledge of Ozocubu's Refrigeration by Vehumet.
 20573 | Orc:2    | Reached skill level 13 in Fighting
 22261 | Orc:2    | Found Votashye's Weapon Shoppe.
 22428 | Orc:2    | Identified a scroll of acquirement
 22428 | Orc:2    | Acquired 986 gold pieces
 23249 | Orc:2    | Noticed an ettin
 23257 | Orc:2    | Killed an ettin
 23627 | Orc:2    | Reached skill level 14 in Fighting
 24724 | Orc:2    | Reached XP level 14. HP: 79/108 MP: 6/23
 24887 | Orc:2    | Offered knowledge of Fireball by Vehumet.
 24974 | Orc:2    | Learned a level 5 spell: Fireball
 25497 | Orc:2    | Found Nyntiewo's General Store.
 25499 | Orc:2    | Found Pagy Pod's Antique Armour Boutique.
 25660 | Orc:2    | Reached skill level 1 in Transmutations
 25777 | Orc:2    | Found Zilih's Magic Scroll Shop.
 25785 | Orc:2    | Bought a scroll of identify for 30 gold pieces
 25785 | Orc:2    | Bought a scroll of identify for 30 gold pieces
 26093 | Lair:1   | Entered Level 1 of the Lair of Beasts
 26099 | Lair:1   | Reached skill level 1 in Fire Magic
 28593 | Lair:3   | Reached skill level 15 in Fighting
 29305 | Lair:3   | Offered knowledge of Conjure Ball Lightning by Vehumet.
 29870 | Lair:3   | Found a hole to the Spider Nest.
 30457 | Lair:3   | Found a staircase to the Swamp.
 31060 | Lair:4   | Identified the amulet of Onamanif {Spirit rPois Int+3}
 32403 | Lair:2   | Learned a level 6 spell: Conjure Ball Lightning
 32689 | Lair:5   | Entered Level 5 of the Lair of Beasts
 32689 | Lair:5   | Found a viscous altar of Jiyva.
 32689 | Lair:5   | Found a staircase to the Slime Pits.
 32851 | Lair:5   | Reached skill level 1 in Air Magic
 33414 | Lair:5   | Reached XP level 15. HP: 110/117 MP: 1/25
 34300 | Lair:5   | Offered knowledge of Spellforged Servitor by Vehumet.
 34301 | Lair:5   | Reached skill level 16 in Fighting
 36900 | D:13     | Noticed Maurice
 37544 | D:13     | Killed Maurice
 39461 | D:14     | Reached skill level 1 in Short Blades
 39464 | D:14     | Reached skill level 15 in Dodging
 39733 | D:14     | Offered knowledge of Eringya's Noxious Bog by Vehumet.
 40093 | D:14     | Found a gate to the Vaults.
 40514 | D:14     | Identified the amulet of Okawaru's Fury {Harm rN+ Regen+}
 40599 | D:14     | Reached skill level 17 in Fighting
 41257 | D:14     | Reached XP level 16. HP: 77/126 MP: 10/26
 41633 | D:13     | Upgraded the game from 0.30-a0-1157-g2cc9ac7 to
                  | 0.30-a0-1160-g6e42c06
 41843 | D:14     | Reached skill level 5 in Short Blades
 42400 | D:14     | Noticed Frances
 42405 | D:14     | Killed Frances
 43232 | D:15     | Entered Level 15 of the Dungeon
 43865 | D:15     | Found a staircase to the Depths.
 44642 | Swamp:1  | Entered Level 1 of the Swamp
 44702 | Swamp:1  | Noticed Jorgrun
 44710 | Swamp:1  | Killed Jorgrun
 45207 | Spider:1 | Entered Level 1 of the Spider Nest
 46392 | Lair:3   | HP: 6/126 [poisoned by an emperor scorpion]
 46788 | Lair:3   | Learned a level 3 spell: Gell's Gravitas
 47038 | Spider:1 | Noticed Mlioglotl
 47354 | Elf:1    | Entered Level 1 of the Elven Halls
 47987 | Elf:1    | Reached skill level 1 in Shields
 49934 | Elf:1    | Mangled by an earth elemental

Illustrated notes

Levels and vault maps discovered:
D:1:      pf_arrival_petrified_forest, layout_rooms
D:2:      layout_rooms, serial_forest, infiniplex_forest_end_double,
          infiniplex_forest_end_3, infiniplex_forest_straight_2,
          infiniplex_forest_lined_2, infiniplex_forest_straight_2,
          infiniplex_forest_corner_1, infiniplex_forest_lined_room_2
D:3:      layout_rooms, nicolae_ru_the_path_less_chosen
D:4:      layout_loops_ring, lemuel_doored_altar, slow_altar_1, uniq_sigmund,
          uniq_natasha
D:5:      minmay_evil_eye, layout_basic, minmay_temple_entry_proselytizer,
          eino_small_chamber_without_monster
D:6:      layout_gridville, nicolae_overflow_crystal_walls,
          overflow_temple_1_default, mainiacjoe_overflow_paths,
          nicolae_uskayaw_dance_hall, corexii_leaking_fountain
D:7:      layout_basic, mainiacjoe_overflow_chevrons
D:8:      layout_loops_ring, mainiacjoe_overflow_alcove_2,
          grunt_dithmenos_smoke, serial_shops, nicolae_shop_hallway_plus,
          jiyva_altar_1
D:9:      layout_loops_ring, enter_bailey_2, serial_shops, shop
D:10:     layout_roguey, old_standard_altar, old_standard_altar,
          lemuel_round_altar, uniq_urug
D:11:     layout_gridville, lair_entry_dummy, minmay_misc_feat_roman,
          uniq_erolcha
D:12:     layout_loops_corners, orc_0_dummy
D:13:     layout_irregular_city, kennysheep_nub, uniq_maurice
D:14:     layout_basic, david_vaults_1, chequers_serial_rivers_large_b,
          minivault_27, lemuel_flamethrower_3, uniq_frances
D:15:     grunt_enter_depths_magical_seal, layout_basic,
          chequers_serial_rivers_small_3
Temple:   compressed_dpeg_triangle_lava_temple
Lair:1:   layout_chaotic_city, beast_lair_carwin_3, lemuel_fruit_fields
Lair:2:   layout_hall_layers
Lair:3:   layout_roguey, nicolae_swamp_entry_spooky, dummy_spider_entry,
          special_room [special_room_bee], lemuel_fruit_fields
Lair:4:   layout_gridlike, infiniplex_staircase_pool_2
Lair:5:   minmay_lair_end_enchanted_forest, layout_cave_pods, slime_entry_1,
          chequers_serial_rivers_micro_c, grunt_megastairs_1
Swamp:1:  layout_falls_marsh, evilmike_swamp_ruin_house_1,
          cheibrodos_swamp_pet_leeches, uniq_donald, uniq_jorgrun
Spider:1: layout_spider_delve, uniq_mlioglotl
Orc:1:    layout_diamond_mine, basic_altar
Orc:2:    hellmonk_orc_salted, layout_caves, minmay_orc_temple_c
Elf:1:    layout_geoelf_octagon, portal_desolation_entry_twin_temple,
          hangedman_elven_crosses_minicolossus

Skill      XL: |  1  2  3  4  5  6  7  8  9 10 11 12 13 14 15 16 |
---------------+-------------------------------------------------+-----
Spellcasting   | 3 4 5 6 7 8 |  8.0
Conjurations   | 5 6 8 9 11 12 13 | 13.0
Dodging        | 3 4 5 6 8 9 11 12 13 15 16 | 16.1
Translocations | 2 |  2.0
Fighting       | 6 10 12 14 15 17 | 17.7
Evocations     | 2 4 |  4.0
Transmutations | 2 |  2.0
Fire Magic     | 2 |  2.0
Air Magic      | 2 4 |  4.0
Short Blades   | 4 8 |  8.0
Shields        | 3 |  3.6
Stealth        | |  2.6

Action                     |  1- 3 |  4- 6 |  7- 9 | 10-12 | 13-15 | 16-18 || total
---------------------------+-------+-------+-------+-------+-------+-------++-------
  Melee: Unarmed           |    10 |       |     3 |       |       |       ||    13
         Constrict         |     7 |     9 |     8 |    11 |    34 |     3 ||    72
         Tentacles         |     6 |     8 |     8 |    15 |    46 |     8 ||    91
         Dagger            |    18 |    40 |    35 |    54 |   129 |       ||   276
         Short sword       |     1 |       |       |       |       |       ||     1
         Punch             |       |       |       |       |     2 |       ||     2
         Staff             |       |       |       |       |    36 |    20 ||    56
   Cast: Magic Dart        |    34 |    20 |    58 |    55 |    32 |     1 ||   200
         Searing Ray       |     2 |    11 |    73 |    28 |    16 |       ||   130
         Iskenderun's Myst |       |       |     8 |    15 |    40 |    21 ||    84
         Stone Arrow       |       |       |     3 |   162 |   583 |   124 ||   872
         Irradiate         |       |       |       |     2 |    64 |     5 ||    71
         Blink             |       |       |       |       |     8 |     2 ||    10
         Fireball          |       |       |       |       |    55 |    12 ||    67
         Conjure Ball Ligh |       |       |       |       |    49 |    67 ||   116
         Gell's Gravitas   |       |       |       |       |       |     1 ||     1
  Evoke: Wand              |       |       |       |    20 |    19 |     5 ||    44
         Condenser vane    |       |       |       |       |     1 |     1 ||     2
    Use: Scroll            |       |       |    11 |     8 |    15 |     8 ||    42
         Potion            |       |       |     5 |     9 |     6 |    13 ||    33
   Stab: Sleeping          |     3 |     4 |     1 |     3 |     2 |       ||    13
         Paralysed         |       |       |       |     6 |     6 |       ||    12
         Invisible         |       |       |       |       |     1 |       ||     1
 Armour: Skin              |     1 |     2 |     4 |     6 |     9 |     9 ||    31
  Dodge: Dodged            |    19 |    41 |    93 |   122 |   478 |   283 ||  1036
  Block: Buckler           |       |       |       |       |       |     6 ||     6

Table legend: (Time is in decaauts)
 A = Elapsed time spent in this place.
 B = Non-inter-level travel time spent in this place.
 C = Inter-level travel time spent in this place.
 D = Time resting spent in this place.
 E = Time spent auto-exploring this place.
 F = Levels seen in this place.
 G = Mean time per level.
                   A        B        C        D        E       F      G
               +--------+--------+--------+--------+--------+-----+--------+
         Total |  50020 |  47259 |   2761 |  21599 |  16998 |  27 | 1852.6 |
       Dungeon |  25536 |  24257 |   1279 |   9632 |  10775 |  15 | 1702.4 |
        Temple |     56 |     45 |     11 |      0 |     30 |   1 |   56.0 |
          Lair |  13108 |  12082 |   1026 |   5526 |   4800 |   5 | 2621.6 |
         Swamp |     26 |     26 |      0 |      0 |      0 |   1 |   26.0 |
   Spider Nest |    124 |    124 |      0 |     16 |      0 |   1 |  124.0 |
  Orcish Mines |   8226 |   7815 |    411 |   5075 |    922 |   2 | 4113.0 |
   Elven Halls |   1469 |   1437 |     32 |    566 |    421 |   1 | 1469.0 |
        Bailey |   1471 |   1471 |      0 |    783 |     50 |   1 | 1471.0 |
               +--------+--------+--------+--------+--------+-----+--------+

Top non-repeatable levels by time:
   Orc:2: 4747 daAuts
  Lair:3: 4726 daAuts
    D:12: 4198 daAuts
    D:14: 4068 daAuts
   Orc:1: 3479 daAuts
  Lair:5: 3201 daAuts
    D:13: 2407 daAuts
  Lair:4: 2203 daAuts
    D:11: 1892 daAuts
     D:7: 1810 daAuts
     D:6: 1763 daAuts
     D:5: 1671 daAuts
  Lair:1: 1582 daAuts
  Bailey: 1471 daAuts
   Elf:1: 1469 daAuts
